 Dungeon Crawl Stone Soup version 0.26.1-11-gd32895ea62 (webtiles) character file.

Game seed: 5898490736765426812

7168 Eitelfritz the Cleaver (level 11, -7/94 HPs)
             Began as a Hill Orc Fighter on June 2, 2021.
             Was a Follower of Uskayaw.
             Mangled by a mana viper (13 damage)
             ... on level 1 of the Abyss.
             The game lasted 00:28:22 (11805 turns).

Eitelfritz the Cleaver (Hill Orc Fighter)          Turns: 11805, Time: 00:28:22

Health: -7/94      AC: 22    Str: 26    XL:     11   Next: 11%
Magic:  1/16       EV:  6    Int:  8    God:    Uskayaw [*.....]
Gold:   659        SH: 11    Dex: 10    Spells: 10/10 levels left

rFire    . . .     SeeInvis +   J - +0 war axe
rCold    . . .     Faith    .   c - +0 kite shield
rNeg     . . .     Spirit   .   K - +0 plate armour
rPois    .         Reflect  .   z - +0 helmet
rElec    .         Harm     .   s - +2 cloak
rCorr    .         Rampage  .   o - +2 pair of gloves {Str+3}
Will     .....                  P - +0 pair of boots
Stlth    ..........             (no amulet)
HPRegen  0.25/turn              g - ring of see invisible
MPRegen  0.15/turn              (no ring)

@: slowed, very slow
A: no striking features
a: Renounce Religion, Stomp


You were on level 1 of the Abyss.
You worshipped Uskayaw.
Uskayaw was noncommittal.
You visited 2 branches of the dungeon, and saw 11 of its levels.
You visited the Abyss 1 time.

You collected 659 gold pieces.

Inventory:

Hand Weapons
 a - a +2 war axe of electrocution
 b - a +0 hunting sling
 m - a +1 morningstar of protection
 J - a +0 war axe (weapon)
Missiles
 t - 44 sling bullets
 I - 6 atropa-tipped darts (quivered)
 Q - 3 boomerangs of dispersal
Armour
 c - a +0 kite shield (worn)
 o - a +2 pair of gloves of strength (worn)
 s - a +2 cloak (worn)
 z - a +0 helmet (worn)
 K - a +0 plate armour (worn)
 P - a +0 pair of boots (worn)
 R - +0 acid dragon scales
Jewellery
 g - a ring of see invisible (left hand)
 E - an uncursed amulet of reflection {unknown}
Wands
 f - a wand of flame (6)
 x - a wand of digging (6)
 A - a wand of iceblast (8)
 B - a wand of disintegration (28)
 H - a wand of paralysis (7)
 M - a wand of polymorph (23)
Scrolls
 l - 4 scrolls of remove curse
 q - a scroll of magic mapping
 u - 5 scrolls of teleportation
 F - a scroll of enchant armour
 G - a scroll of fog
 L - a scroll of torment {unknown}
 N - a scroll of blinking
 S - 2 scrolls of amnesia {unknown}
Potions
 d - 2 potions of might
 e - a potion of mutation {unknown}
 h - 2 potions of attraction {unknown}
 i - 4 potions of curing
 j - a potion of flight {unknown}
 k - a potion of heal wounds
 n - 5 potions of lignification
 p - 4 potions of brilliance {unknown}
 r - a potion of resistance {unknown}
 v - 2 potions of haste {unknown}
 w - 3 potions of berserk rage {unknown}
 C - 2 potions of degeneration {unknown}
 D - 2 potions of magic {unknown}
 O - 3 potions of invisibility {unknown}


   Skills:
 + Level 8.2 Fighting
 + Level 12.9 Axes
 + Level 7.5 Armour
 + Level 2.2 Dodging
 + Level 4.0 Stealth
 + Level 7.8 Shields
 * Level 7.3 Invocations


You had 10 spell levels left.
You didn't know any spells.
Your spell library contained the following spells:

 Spells                   Type           Power        Failure   Level
 Sandblast                Erth           0%           100%        1
 Passwall                 Tmut/Erth      0%           100%        2
 Stone Arrow              Conj/Erth      0%           100%        3
 Petrify                  Tmut/Erth      0%           100%        4
 Lee's Rapid Deconstruct  Erth           0%           100%        5


Dungeon Overview and Level Annotations

Branches:
Dungeon (10/15)            Temple (1/1) D:5
   Lair: D:8-11         Orc: D:9-12

Altars:
Ashenzari
Cheibriados
Dithmenos
Elyvilon
Fedhas
Gozag
Hepliaklqana
Kikubaaqudgha
Makhleb
Nemelex Xobeh
Okawaru
Qazlal
Ru
Sif Muna
Trog
Uskayaw
Vehumet
Wu Jian
Xom
Yredelemnul
Zin
The Shining One
Beogh

Annotations:
D:4 2 transporters
D:10 Sonja


Message History

You feel your power leaking away.
You hit the mana viper but do no damage.
The mana viper is heavily wounded.
The mana viper bites you!
* * * LOW HITPOINT WARNING * * *
You feel your power leaking away.
The mana viper bites you but does no damage.
Unknown command.
You feel much better. You block the mana viper's attack.
The mana viper bites you but does no damage.
You miss the mana viper.
The mana viper is moderately wounded.
The mana viper barely misses you. The mana viper bites you!
* * * LOW HITPOINT WARNING * * *
Unknown command.
You closely miss the mana viper.
The mana viper is moderately wounded.
You block the mana viper's attack. x2
The mana viper bites you!
You die...

#. #### #.. #..#
#..##..##### ..
...... ..###
#.#. . ........
.... .... . ..
.##..# ..# . ..
.
'..##..##..##..#
..#.#.
#......S@.......
. #.. #
#......##.######
#'..)....##..#
... #.......##..
#### ##.. ....
...# . .#...##
##### . ... .
... . . #.## .##
##### ..#


You could see a mana viper.

Vanquished Creatures
  A two-headed ogre (D:8)
  Nergalle (D:10)
  Joseph (D:7)
  Psyche (D:9)
  Maggie (D:9)
  A yak (D:10)
  Edmund (D:4)
  A soldier ant (D:10)
  A water moccasin (D:7)
  An eye of draining (D:9)
  An ice beast (D:7)
  3 orc warriors
  2 sky beasts
  A necrophage (D:8)
  6 ogres
  5 phantoms
  3 centaurs
  2 big kobolds
  3 bullfrogs
  5 scorpions
  8 killer bees
  5 wights (D:8)
  2 howler monkeys
  2 bullfrog zombies
  A quasit (D:8)
  2 hounds
  A jelly (D:5)
  4 orc priests
  2 bullfrog skeletons
  3 iguanas
  12 orc wizards
  Natasha (thrice) (D:3)
  11 worker ants
  2 hound zombies
  A worker ant zombie (D:9)
  12 adders
  2 shadow imps
  7 white imps
  An ufetubus (D:5)
  2 oozes
  An adder zombie (D:9)
  2 adder skeletons
  2 worms
  3 dart slugs (D:1)
  6 leopard geckos
  51 orcs
  6 giant cockroaches
  9 goblins
  9 hobgoblins
  2 jackals (D:8)
  2 quokkas
  3 ball pythons
  11 bats
  6 frilled lizards
  A jackal skeleton (D:5)
  A jackal zombie (D:7)
  23 kobolds
  A leopard gecko skeleton (D:8)
  A leopard gecko zombie (D:5)
  A quokka skeleton (D:4)
  6 rats
271 creatures vanquished.

Vanquished Creatures (others)
  A kobold (D:10)
  A lurking horror (Abyss:1)
  5 plants (D:1)
7 creatures vanquished.

Grand Total: 278 creatures vanquished

Notes
Turn   | Place    | Note
-------+----------+-------------------------------------------
     0 | D:1      | Eitelfritz the Hill Orc Fighter began the quest for the
                  | Orb.
     0 | D:1      | Reached XP level 1. HP: 19/19 MP: 1/1
   117 | D:1      | Reached XP level 2. HP: 25/27 MP: 2/2
   393 | D:1      | Reached skill level 3 in Axes
   462 | D:1      | You fall into a shaft and drop 1 floor!
   630 | D:2      | Reached XP level 3. HP: 33/33 MP: 3/3
   822 | D:2      | Reached XP level 4. HP: 40/40 MP: 4/4
   893 | D:1      | Reached skill level 4 in Axes
  1817 | D:3      | Noticed Natasha
  1825 | D:3      | Killed Natasha
  1875 | D:3      | Reached XP level 5. HP: 23/46 MP: 5/5
  2033 | D:3      | You fall into a shaft and drop 2 floors!
  2033 | D:5      | Entered Level 5 of the Dungeon
  2052 | D:5      | Noticed a phantom
  2077 | D:5      | Killed a phantom
  2078 | D:5      | Reached skill level 5 in Axes
  2078 | D:5      | Reached skill level 1 in Dodging
  2078 | D:5      | Reached XP level 6. HP: 26/53 MP: 6/6
  2278 | D:5      | Reached skill level 6 in Axes
  2284 | D:5      | Reached skill level 5 in Fighting
  2284 | D:5      | Reached XP level 7. HP: 36/61 MP: 7/7
  2284 | D:5      | Found a staircase to the Ecumenical Temple.
  2621 | D:4      | Found a transporter.
  2669 | D:4      | Found a transporter.
  2695 | D:4      | Reached skill level 5 in Armour
  2888 | D:4      | Noticed Edmund
  2918 | D:4      | Killed Edmund
  3340 | D:3      | Found a burning altar of Makhleb.
  3507 | D:3      | Reached skill level 7 in Axes
  3514 | D:3      | Reached XP level 8. HP: 40/69 MP: 8/8
  4330 | D:3      | Noticed Natasha
  4335 | D:3      | Killed Natasha
  4342 | D:3      | Noticed Natasha
  4350 | D:3      | Killed Natasha
  4431 | D:4      | Reached skill level 8 in Axes
  4482 | D:4      | Reached skill level 5 in Shields
  5859 | Temple   | Entered the Ecumenical Temple
  6138 | Temple   | Became a worshipper of Uskayaw the Reveller
  6227 | D:6      | Reached * piety under Uskayaw
  6228 | D:6      | Reached skill level 9 in Axes
  6448 | D:6      | Reached ** piety under Uskayaw
  6858 | D:6      | Reached skill level 1 in Invocations
  7239 | D:7      | Found a flagged portal.
  7425 | D:7      | Noticed Joseph
  7449 | D:7      | Reached XP level 9. HP: 56/77 MP: 9/11
  7462 | D:7      | Reached *** piety under Uskayaw
  7467 | D:7      | Reached **** piety under Uskayaw
  7469 | D:7      | Killed Joseph
  7513 | D:7      | Reached skill level 10 in Axes
  7773 | D:7      | Found a blossoming altar of Fedhas.
  8037 | D:7      | Reached skill level 1 in Stealth
  8437 | D:8      | Noticed a two-headed ogre
  8560 | D:8      | Killed a two-headed ogre
  8561 | D:8      | Reached skill level 11 in Axes
  8561 | D:8      | Reached skill level 5 in Invocations
  8561 | D:8      | Reached XP level 10. HP: 38/86 MP: 12/14
  8566 | D:8      | Reached ***** piety under Uskayaw
  9665 | D:8      | You fall into a shaft and drop 2 floors!
  9665 | D:10     | Entered Level 10 of the Dungeon
  9893 | D:9      | Found a roughly hewn altar of Beogh.
 10077 | D:9      | Noticed Psyche
 10086 | D:9      | Killed Psyche
 10087 | D:9      | Reached skill level 12 in Axes
 10953 | D:9      | Noticed Maggie
 10962 | D:9      | Killed Maggie
 11290 | D:10     | Noticed Nergalle
 11296 | D:10     | Reached ****** piety under Uskayaw
 11297 | D:10     | Reached XP level 11. HP: 42/92 MP: 16/16
 11313 | D:10     | Killed Nergalle
 11761 | D:10     | Noticed Sonja
 11779 | D:10     | Cast into level 1 of the Abyss (Sonja)
 11793 | Abyss:1  | Noticed a mana viper
 11801 | Abyss:1  | HP: 1/94 [mana viper (10)]
 11805 | Abyss:1  | Mangled by a mana viper

Illustrated notes

Levels and vault maps discovered:
D:1:      dpeg_arrival_renting, layout_basic, lexackson_kobold_supper
D:2:      layout_rooms
D:3:      layout_basic, makhleb_blood_cavern_becter, uniq_natasha
D:4:      gammafunk_wand_slinger, layout_loops_ring, uniq_edmund
D:5:      layout_rooms, minmay_temple_entry_trees, minmay_quadrilaterals
D:6:      layout_loops_ring
D:7:      layout_loops_corners, enter_bailey_5, fedhas_altar_4, uniq_joseph
D:8:      layout_loops_ring, minmay_bent
D:9:      layout_gridville, special_room [special_room_orc], uniq_psyche,
          uniq_maggie
D:10:     layout_gridville, hangedman_decor_growths,
          minmay_fractal_squares_diagonal_5, uniq_nergalle, uniq_sonja
Temple:   nicolae_temple_the_god_donut
Abyss:1:  base:
D:7

Skill      XL: |  1  2  3  4  5  6  7  8  9 10 11 |
---------------+----------------------------------+-----
Fighting       | 4 5 6 7 8 |  8.2
Axes           | 3 4 5 6 7 9 11 12 | 12.9
Armour         | 4 5 6 7 |  7.5
Shields        | 4 5 6 7 |  7.8
Dodging        | 1 2 |  2.2
Invocations    | 2 5 7 |  7.3
Stealth        | 1 3 4 |  4.0

Action                   |  1- 3 |  4- 6 |  7- 9 | 10-12 || total
-------------------------+-------+-------+-------+-------++-------
Melee: War axe           |    90 |   118 |   508 |   338 ||  1054
Throw: Dart              |       |       |       |     7 ||     7
  Use: Scroll            |       |       |    13 |       ||    13
       Potion            |       |       |       |     5 ||     5
 Stab: Paralysed         |       |       |    10 |    25 ||    35
Armor: Scale mail        |    56 |    56 |   119 |       ||   231
       Chain mail        |       |       |   148 |       ||   148
       Plate armour      |       |       |    15 |   177 ||   192
Dodge: Dodged            |    44 |    34 |   158 |    74 ||   310
Block: Kite shield       |    53 |    62 |   304 |   170 ||   589
